cohdb
Replays
Latest Replays
All Replays
Popular Replays
Top Player Replays
Match Explorer
How It Works
Community
CoH3 Stats
Reddit
Sign in to upload your games and track your stats! →
Sign in with Steam
Match 40812589
Unlisted
Match 40812589
Overview
Messages
Build Orders
End
Vickers Machine Gun Team
Construct Section Command Post
Dingo Light Scout Car
Infantry Section
Infantry Section
Construct Platoon Command Post
Vickers Machine Gun Team
Humber Armored Car
6-pounder Anti-tank Gun Team
Royal Engineer Section
Selects Indian Artillery Battlegroup
Selects Towed ML 4.2-inch Heavy Mortar
Selects Off-map Airburst Barrage
Selects BL5.5 Artillery Emplacement
Off-map Airburst Barrage
Construct Company Command Post
Off-map Airburst Barrage
Matilda II Heavy Tank
Selects Valour
Foot Guards Section
Off-map Airburst Barrage
Matilda II Heavy Tank
6-pounder Anti-tank Gun Team
Off-map Airburst Barrage
Royal Engineer Section
Selects Gurkha Rifles Section
Selects Pillage
Off-map Airburst Barrage
ZmiO
ToXa
Common folk
General Winter
雪花零落
ProxyFox
EisregenKubus0
nre_nuker
0
0
Comments
sign in to comment!
No comments posted yet!